 Dungeon Crawl Stone Soup version 0.31-a0-175-g9f7f995f2b (webtiles) character file.

Game seed: 14039154101762133759

611 qw the Shooter (level 7, -2/44 HPs)
             Began as a Gargoyle Hunter on June 16, 2023.
             Slain by a river rat (4 damage)
             ... summoned by Eustachio
             ... on level 3 of the Dungeon.
             The game lasted 00:01:23 (2415 turns).

qw the Shooter (Gargoyle Hunter)                    Turns: 2415, Time: 00:01:24

Health: -2/44      AC: 11    Str: 14    XL:     7   Next: 44%
Magic:  7/7        EV: 12    Int: 10    God:
Gold:   204        SH:  0    Dex: 15    Spells: 6/6 levels left

rFire   . . .        Y - +0 shortbow (elec)
rCold   . . .        (shield currently unavailable)
rNeg    + . .        c - +0 leather armour
rPois   inf          e - +2 hat
rElec   +            (no cloak)
rCorr   .            (no gloves)
SInv    .            j - +0 pair of boots
Will    +....        d - amulet of faith
Stlth   ++           f - ring of willpower
HPRegen 0.27/turn    (no ring)
MPRegen 0.10/turn

%: faith
@: no status effects
A: sickness immunity, AC +4, negative energy resistance 1, electricity
resistance, torment resistance 1, petrification resistance
a: no special abilities


You were on level 3 of the Dungeon.
You visited 1 branch of the dungeon, and saw 4 of its levels.
You also visited: Sewer.

You collected 204 gold pieces.


Innate Abilities, Weirdness & Mutations

You are immune to sickness and miasma.
Your stone body is resilient. (AC +4)
You are immune to poison.
You resist negative energy. (rN+)
You are resistant to electric shocks. (rElec)
You are resistant to unholy torment.
You are immune to petrification.


   Skills:
 - Level 4.4 Fighting
 + Level 7.1 Ranged Weapons
 - Level 1.2 Armour
 - Level 3.1 Dodging
 - Level 1.1 Stealth


You had 6 spell levels left.
You didn't know any spells.
Your spell library was empty.

Inventory:

Hand Weapons
 Y - a +0 shortbow of electrocution (weapon)
Armour
 c - a +0 leather armour (worn)
 e - a +2 hat (worn)
 j - a +0 pair of boots (worn)
Jewellery
 a - an amulet of regeneration
 d - an amulet of faith (around neck)
 f - a ring of willpower (left hand)
Scrolls
 k - a scroll of identify
Potions
 g - a potion of heal wounds
 h - 5 potions of haste
 i - a potion of cancellation
 l - a potion of lignification {unknown}
 m - a potion of might
 n - a potion of magic {unknown}

Dungeon Overview and Level Annotations

Branches:
Dungeon (4/15)              Sewer (visited)
 Temple: D:4-7

Altars:
Kikubaaqudgha

Annotations:
D:3 Eustachio


Message History

You shoot an arrow. The arrow hits the white imp.
Lightning courses through the white imp!
You kill the white imp!
The white imp disappears in a puff of smoke!
The bat misses you. The ufetubus barely misses you. x2
Eustachio casts a spell.
The hobgoblin hits you but does no damage.
You shoot an arrow. The arrow hits the white imp.
The white imp is moderately wounded.
The bat hits you but does no damage. The ufetubus closely misses you. x2
The hobgoblin misses you. The white imp gestures at you.
The puff of frost misses you.
The ufetubus hits you but does no damage. x2
You shoot an arrow. The arrow misses Eustachio.
The bat hits you. The ufetubus barely misses you. x2
Eustachio casts a spell.
Eustachio blinks!
The hobgoblin closely misses you.
The white imp hits you but does no damage.
You shoot an arrow. The arrow hits the white imp.
The white imp is heavily wounded.
The bat barely misses you. The ufetubus barely misses you.
The ufetubus completely misses you. The river rat closely misses you.
The hobgoblin barely misses you.
The ufetubus hits you but does no damage.
The ufetubus closely misses you.
The white imp shouts, "Begone, thou pox-marked hedge-born toady!"
The white imp gestures at you. The puff of frost hits you!
The river rat misses you.
You shoot an arrow. The arrow hits the white imp.
The white imp is severely wounded.
The bat hits you but does no damage. The ufetubus closely misses you.
The ufetubus hits you. The bat hits you but does no damage.
Eustachio says, "Summoning is fun!"
The hobgoblin hits you but does no damage.
The iron imp hits you!
The white imp hits you but does no damage.
The ufetubus closely misses you. The ufetubus barely misses you.
The river rat bites you.
You die...

...#......................#
..........................##
...........................#
....######.................#
...##...##.................#
...##......................#
...##......................###
...##...........b5...........#
....'.....[.....@5...........#
..###..........rg5r..........####
..###...........r................
.................................
.............##.....@............
.............##..................
#............#...................
#+##.........#............!......
.............#...........########


You could see Eustachio, an iron imp (summoned), a river rat (summoned), a white
imp (summoned), an ufetubus (summoned), a hobgoblin, a bat (summoned) and 2
rats.

Vanquished Creatures
  Sigmund (D:4)
  2 bullfrogs (Sewer)
  2 orc priests (D:3)
  Terence (D:3)
  An orc wizard (D:3)
  A gnoll (D:1)
  9 adders
  3 river rats (Sewer)
  A worm (D:3)
  2 dart slugs (D:1)
  5 orcs (D:3)
  24 ball pythons
  6 endoplasms
  2 giant cockroaches
  3 hobgoblins
  5 jackals
  A quokka (D:1)
  2 bats
  4 frilled lizards
  4 goblins
  3 kobolds
  25 rats
107 creatures vanquished.

Notes
Turn   | Place    | Note
-------+----------+-------------------------------------------
     0 | D:1      | qw the Gargoyle Hunter began the quest for the Orb.
     0 | D:1      | Reached XP level 1. HP: 12/12 MP: 1/1
     0 | D:1      | 0 ||| qw: Version: 0.2-a-29-g511e9b1
     0 | D:1      | 0 ||| qw: Game counter: 5871
     0 | D:1      | 0 ||| qw: Always use a shield: true
     0 | D:1      | 0 ||| qw: God list: Okawaru
     0 | D:1      | 0 ||| qw: Allow faded altars: false
     0 | D:1      | 0 ||| qw: Do Orc after D:15 true
     0 | D:1      | 0 ||| qw: Do second Lair branch before Depths: true
     0 | D:1      | 0 ||| qw: Lair rune preference: random
     0 | D:1      | 0 ||| qw: Plans: Normal, Zot:1-4, Slime:5, God:TSO, Crypt,
                  | Tomb, Abyss, Pan, Hells, Win
     0 | D:1      | 0 ||| PLANNING D:1-11
    83 | D:1      | Reached XP level 2. HP: 17/17 MP: 2/2
   183 | D:1      | Reached XP level 3. HP: 21/21 MP: 3/3
   315 | D:1      | Reached skill level 5 in Ranged Weapons
   339 | D:1      | 339 ||| FLEEEEING.
   340 | D:1      | 340 ||| FLEEEEING.
   341 | D:1      | 341 ||| FLEEEEING.
   342 | D:1      | 342 ||| FLEEEEING.
   343 | D:1      | 343 ||| FLEEEEING.
   379 | D:1      | Found a faded altar of an unknown god.
   568 | D:1      | 568 ||| UPGRADING to +2 hat.
   573 | D:1      | 573 ||| UPGRADING to amulet of faith.
   578 | D:1      | 578 ||| UPGRADING to ring of willpower.
   579 | D:1      | 579 ||| READING scroll labelled PAW XASEYJE.
   580 | D:1      | 580 ||| READING scroll labelled VOTOTE BAICUE.
   581 | D:1      | 581 ||| READING scroll labelled FELIRI ZEEBBUI.
   582 | D:1      | 582 ||| DRINKING 2 metallic emerald potions.
   583 | D:1      | 583 ||| DROPPING scroll of butterflies.
   743 | D:2      | Identified the +9 bardiche "Nudumuh" {distort, Stlth+}
  1294 | D:2      | 1294 ||| UPGRADING to +0 pair of boots.
  1299 | D:2      | 1299 ||| DROPPING scarf of harm.
  1300 | D:2      | 1300 ||| DROPPING amulet of magic regeneration.
  1301 | D:2      | 1301 ||| READING scroll labelled VOUNAE PUTI.
  1302 | D:2      | 1302 ||| READING scroll labelled OKADEBRURY.
  1327 | D:3      | 1327 ||| PLANNING SEWER
  1374 | D:3      | Reached skill level 3 in Fighting
  1378 | D:3      | Reached XP level 4. HP: 28/28 MP: 4/4
  1379 | D:3      | Found a glowing drain.
  1421 | Sewer    | Entered a sewer
  1498 | Sewer    | Reached XP level 5. HP: 32/32 MP: 5/5
  1524 | Sewer    | Reached skill level 6 in Ranged Weapons
  1572 | Sewer    | Reached skill level 1 in Armour
  1621 | Sewer    | 1621 ||| Stepping ~*~*~tactically~*~*~ (water).
  1623 | Sewer    | 1623 ||| Stepping ~*~*~tactically~*~*~ (water).
  1625 | Sewer    | 1625 ||| Stepping ~*~*~tactically~*~*~ (water).
  1627 | Sewer    | 1627 ||| Stepping ~*~*~tactically~*~*~ (water).
  1629 | Sewer    | 1629 ||| Stepping ~*~*~tactically~*~*~ (water).
  1709 | Sewer    | 1709 ||| Stepping ~*~*~tactically~*~*~ (water).
  1717 | Sewer    | Reached XP level 6. HP: 39/39 MP: 6/6
  1819 | Sewer    | 1819 ||| READING 2 scrolls labelled LUOKUV SU ZOST.
  1820 | Sewer    | 1820 ||| READING scroll labelled ZEICACI WEGUEB.
  1821 | Sewer    | 1821 ||| DRINKING 2 dark potions.
  1822 | Sewer    | 1822 ||| DRINKING 4 sapphire potions.
  1823 | Sewer    | 1823 ||| DROPPING scroll of fear.
  1827 | D:3      | 1827 ||| PLANNING D:1-11
  1852 | D:3      | Found an ancient bone altar of Kikubaaqudgha.
  2054 | D:3      | Noticed Terence
  2064 | D:3      | Killed Terence
  2070 | D:3      | Reached skill level 7 in Ranged Weapons
  2070 | D:3      | Reached XP level 7. HP: 31/44 MP: 7/7
  2357 | D:3      | 2357 ||| READING 3 scrolls of identify.
  2357 | D:3      | 2357 ||| IDENTIFYING bubbling red potion
  2358 | D:3      | 2358 ||| READING 2 scrolls of identify.
  2358 | D:3      | 2358 ||| IDENTIFYING fizzy black potion
  2359 | D:3      | 2359 ||| DROPPING potion of ambrosia.
  2371 | D:4      | Noticed Sigmund
  2373 | D:4      | Noticed Eustachio
  2380 | D:4      | Killed Sigmund
  2381 | D:4      | Reached skill level 3 in Dodging
  2384 | D:4      | 2384 ||| STAIRDANCE
  2415 | D:3      | HP: 9/44 [ufetubus[Eustachio] (3)]
  2415 | D:3      | HP: 2/44 [iron imp[Eustachio] (7)]
  2415 | D:3      | Slain by a river rat

Levels and vault maps discovered:
D:1:      amcnicky_arrival_single_pillar, layout_rooms,
          hellmonk_ecumenical_altar_lost_god, serial_bayou_pond_a
D:2:      layout_basic, minivault_24
D:3:      layout_basic, lemuel_crystal_altar, cheibrodos_sewer_entry_sluice,
          uniq_terence
D:4:      layout_rooms, gammafunk_ghost_smash, uniq_eustachio, uniq_menkaure,
          uniq_sigmund

Skill      XL: |  1  2  3  4  5  6  7 |
---------------+----------------------+-----
Ranged Weapons | 5 6 7 |  7.1
Fighting       | 3 4 |  4.4
Armour         | 1 |  1.2
Dodging        | 3 |  3.1
Stealth        | |  1.1

Action                     |  1- 3 |  4- 6 |  7- 9 || total
---------------------------+-------+-------+-------++-------
   Fire: Shortbow          |   112 |   184 |    60 ||   356
    Use: Scroll            |     5 |     2 |     2 ||     9
         Potion            |     1 |     2 |       ||     3
 Armour: Leather armour    |    18 |    82 |    79 ||   179
  Dodge: Dodged            |    41 |    94 |   126 ||   261

Table legend:
 A = Non-vault XP
 B = Vault XP
 C = Vault XP percentage of total XP
 D = Non-vault monster count
 E = Vault monster count
 F = Vault count percentage of total count
                 A         B        C        D         E       F
            +---------+---------+-------+---------+---------+-------
      Total |     265 |     609 |  69.7 |      54 |      53 |  49.5
            +---------+---------+-------+---------+---------+-------
        D:1 |      57 |       0 |   0.0 |      23 |       0 |   0.0
        D:2 |      11 |       0 |   0.0 |       6 |       0 |   0.0
        D:3 |     197 |      41 |  17.2 |      25 |       4 |  13.8
        D:4 |       0 |     231 | 100.0 |       0 |       1 | 100.0
      Sewer |       0 |     337 | 100.0 |       0 |      48 | 100.0
            +---------+---------+-------+---------+---------+-------
